Workbook

Sheet abratax_mtd_import
A1: SELF EMPLOYMENT MTD BRIDGING TEMPLATE - ABRATAX | I1: INSTRUCTIONS
A2: Template version: SE-1.0.0 (read only - must be present)
I3: 1) | J3: Add this tab to your excel business working file (your digital records)
A4: INCOME | B4: AMOUNT (£) | I4: 2) | J4: For each of the coloured boxes, create a formula link to the corresponding business box in your working file. Any nil values should be populated with a 0, or the cell left blank.
A5: Turnover / sales income | B5: =Summary!D2 | D5: Income for the period being submitted
A6: Other business income | I6: 3) | J6: Once complete, right click on the "abratax_mtd_import" tab at the bottom of this sheet and select "Move or Copy..."
A7: Tax taken off trading income | I7: 4) | J7: Under the "To Book" dropdown, select "(new book)", press OK.
I8: 5) | J8: This tab will move to a new worksheet. Save this new worksheet as a CSV file (File -> Save as, file format = CSV ) and import it to AbraTax
A9: SUMMARY EXPENSES
B10: AMOUNT (£)
A11: Consolidated expenses | B11: =Summary!D3 | D11: If eligible for consolidated expenses, ignore full detail expense boxes below and fill in this single box
A13: OR
A15: DETAILED EXPENSES
B16: ALLOWABLE EXPENSE | F16: DISALLOWABLE EXPENSE
B17: AMOUNT (£) | F17: AMOUNT (£)
A18: Cost of goods | D18: Direct costs of goods or materials bought and sold as part of your business. | H18: The non-allowable portion of goods or materials costs (for example private use).
A19: Payments to subcontractors | D19: Amounts paid to subcontractors (for example under CIS), before tax deductions. | H19: Any subcontractor costs that are not allowable for tax purposes.
A20: Wages and staff costs | D20: Gross wages, salaries, bonuses, employer NICs and pension contributions. | H20: Staff costs that are not wholly and exclusively for business use.
A21: Car, van, travel expenses | D21: Business mileage, fuel, vehicle running costs, public transport and accommodation for business travel. | H21: Private or non-business portion of travel and vehicle costs.
A22: Premises running costs | D22: Rent, utilities, business rates, insurance and other running costs for business premises. | H22: Private or non-business use element of premises costs.
A23: Repairs and maintenance costs | D23: Repairs and maintenance of business premises, vehicles or equipment (not improvements). | H23: Repairs that relate to private use or capital improvements.
A24: Office, stationery and admin costs | D24: Telephone, internet, stationery, software subscriptions and general office costs. | H24: Office or admin costs not wholly for business use.
A25: Advertising and marketing | D25: Advertising, website costs, listings and promotional expenses. | H25: Advertising or promotion that is not allowable for tax purposes.
A26: Business entertainment | D26: Client entertainment costs (note: normally not allowable for tax). | H26: Client entertainment costs (normally fully disallowed).
A27: Interest on bank and other loans | D27: Interest on business loans, overdrafts or credit used for the business. | H27: Interest relating to private or non-business borrowing.
A28: Finance charges | D28: Bank charges, credit card fees and similar finance costs. | H28: Bank or finance charges not incurred wholly for business use.
A29: Bad debts written off | D29: Trade debts that you do not expect to recover and have written off in this period. | H29: Bad debts that do not meet HMRC conditions for relief.
... A32: Other business expenses | D32: Any other allowable business expenses not included above. | H32: Any other expenses that are not allowable for tax purposes.

Sheet Summary
B1: Q1 | C1: Q1+Q2 | D1: Q1+Q2+Q3 | E1: Q1+Q2+Q3+Q4
A2: Income (cumulative) | B2: =SUMIFS( '2026-27 Digital Records'!E:E, '2026-27 Digital Records'!$C:$C,"Income", '2026-27 Digital Records'!$A:$A,">="&DATE(2026,4,6), '2026-27 Digital Records'!$A:$A,"<="&DATE(2026,7,5) ) | C2: =SUMIFS( '2026-27 Digital Records'!E:E, '2026-27 Digital Records'!$C:$C,"Income", '2026-27 Digital Records'!$A:$A,">="&DATE(2026,4,6), '2026-27 Digital Records'!$A:$A,"<="&DATE(2026,10,5) ) | D2: =SUMIFS( '2026-27 Digital Records'!E:E, '2026-27 Digital Records'!$C:$C,"Income", '2026-27 Digital Records'!$A:$A,">="&DATE(2026,4,6), '2026-27 Digital Records'!$A:$A,"<="&DATE(2027,1,5) ) | E2: =SUMIFS( '2026-27 Digital Records'!E:E, '2026-27 Digital Records'!$C:$C,"Income", '2026-27 Digital Records'!$A:$A,">="&DATE(2026,4,6), '2026-27 Digital Records'!$A:$A,"<="&DATE(2027,4,5) )
A3: Expense (cumulative) | B3: =SUMIFS( '2026-27 Digital Records'!E:E, '2026-27 Digital Records'!$C:$C,"Expense", '2026-27 Digital Records'!$A:$A,">="&DATE(2026,4,6), '2026-27 Digital Records'!$A:$A,"<="&DATE(2026,7,5) ) | C3: =SUMIFS( '2026-27 Digital Records'!E:E, '2026-27 Digital Records'!$C:$C,"Expense", '2026-27 Digital Records'!$A:$A,">="&DATE(2026,4,6), '2026-27 Digital Records'!$A:$A,"<="&DATE(2026,10,5) ) | D3: =SUMIFS( '2026-27 Digital Records'!E:E, '2026-27 Digital Records'!$C:$C,"Expense", '2026-27 Digital Records'!$A:$A,">="&DATE(2026,4,6), '2026-27 Digital Records'!$A:$A,"<="&DATE(2027,1,5) ) | E3: =SUMIFS( '2026-27 Digital Records'!E:E, '2026-27 Digital Records'!$C:$C,"Expense", '2026-27 Digital Records'!$A:$A,">="&DATE(2026,4,6), '2026-27 Digital Records'!$A:$A,"<="&DATE(2027,4,5) )
A4: Profit | B4: =B2-B3 | C4: =C2-C3 | D4: =D2-D3 | E4: =E2-E3

Sheet Detailed Summary
B1: Cumulative
B2: Q1 | C2: Q1+Q2 | D2: Q1+Q2+Q3 | E2: Q1+Q2+Q3+Q4
A3: Income | B3: =SUMIFS( '2026-27 Digital Records'!E:E, '2026-27 Digital Records'!$C:$C,"Income", '2026-27 Digital Records'!$A:$A,">="&DATE(2026,4,6), '2026-27 Digital Records'!$A:$A,"<="&DATE(2026,7,5) ) | C3: =SUMIFS( '2026-27 Digital Records'!E:E, '2026-27 Digital Records'!$C:$C,"Income", '2026-27 Digital Records'!$A:$A,">="&DATE(2026,4,6), '2026-27 Digital Records'!$A:$A,"<="&DATE(2026,10,5) ) | D3: =SUMIFS( '2026-27 Digital Records'!E:E, '2026-27 Digital Records'!$C:$C,"Income", '2026-27 Digital Records'!$A:$A,">="&DATE(2026,4,6), '2026-27 Digital Records'!$A:$A,"<="&DATE(2027,1,5) ) | E3: =SUMIFS( '2026-27 Digital Records'!E:E, '2026-27 Digital Records'!$C:$C,"Income", '2026-27 Digital Records'!$A:$A,">="&DATE(2026,4,6), '2026-27 Digital Records'!$A:$A,"<="&DATE(2027,4,5) )
A4: Other business income | B4: 0 | C4: 0 | D4: 0 | E4: 0
A5: Tax taken off trading income | B5: 0 | C5: 0 | D5: 0 | E5: 0
A7: Cost of goods | B7: =SUMIFS( '2026-27 Digital Records'!E:E, '2026-27 Digital Records'!$D:$D,A7, '2026-27 Digital Records'!$A:$A,">="&DATE(2026,4,6), '2026-27 Digital Records'!$A:$A,"<="&DATE(2026,7,5) ) | C7: =SUMIFS( '2026-27 Digital Records'!E:E, '2026-27 Digital Records'!$D:$D,A7, '2026-27 Digital Records'!$A:$A,">="&DATE(2026,4,6), '2026-27 Digital Records'!$A:$A,"<="&DATE(2026,10,5) ) | D7: =SUMIFS( '2026-27 Digital Records'!E:E, '2026-27 Digital Records'!$D:$D,A7, '2026-27 Digital Records'!$A:$A,">="&DATE(2026,4,6), '2026-27 Digital Records'!$A:$A,"<="&DATE(2027,1,5) ) | E7: =SUMIFS( '2026-27 Digital Records'!E:E, '2026-27 Digital Records'!$D:$D,A7, '2026-27 Digital Records'!$A:$A,">="&DATE(2026,4,6), '2026-27 Digital Records'!$A:$A,"<="&DATE(2027,4,5) )
A8: Payments to subcontractors | B8: =SUMIFS( '2026-27 Digital Records'!E:E, '2026-27 Digital Records'!$D:$D,A8, '2026-27 Digital Records'!$A:$A,">="&DATE(2026,4,6), '2026-27 Digital Records'!$A:$A,"<="&DATE(2026,7,5) ) | C8: =SUMIFS( '2026-27 Digital Records'!E:E, '2026-27 Digital Records'!$D:$D,A8, '2026-27 Digital Records'!$A:$A,">="&DATE(2026,4,6), '2026-27 Digital Records'!$A:$A,"<="&DATE(2026,10,5) ) | D8: =SUMIFS( '2026-27 Digital Records'!E:E, '2026-27 Digital Records'!$D:$D,A8, '2026-27 Digital Records'!$A:$A,">="&DATE(2026,4,6), '2026-27 Digital Records'!$A:$A,"<="&DATE(2027,1,5) ) | E8: =SUMIFS( '2026-27 Digital Records'!E:E, '2026-27 Digital Records'!$D:$D,A8, '2026-27 Digital Records'!$A:$A,">="&DATE(2026,4,6), '2026-27 Digital Records'!$A:$A,"<="&DATE(2027,4,5) )
A9: Wages and staff costs | B9: =SUMIFS( '2026-27 Digital Records'!E:E, '2026-27 Digital Records'!$D:$D,A9, '2026-27 Digital Records'!$A:$A,">="&DATE(2026,4,6), '2026-27 Digital Records'!$A:$A,"<="&DATE(2026,7,5) ) | C9: =SUMIFS( '2026-27 Digital Records'!E:E, '2026-27 Digital Records'!$D:$D,A9, '2026-27 Digital Records'!$A:$A,">="&DATE(2026,4,6), '2026-27 Digital Records'!$A:$A,"<="&DATE(2026,10,5) ) | D9: =SUMIFS( '2026-27 Digital Records'!E:E, '2026-27 Digital Records'!$D:$D,A9, '2026-27 Digital Records'!$A:$A,">="&DATE(2026,4,6), '2026-27 Digital Records'!$A:$A,"<="&DATE(2027,1,5) ) | E9: =SUMIFS( '2026-27 Digital Records'!E:E, '2026-27 Digital Records'!$D:$D,A9, '2026-27 Digital Records'!$A:$A,">="&DATE(2026,4,6), '2026-27 Digital Records'!$A:$A,"<="&DATE(2027,4,5) )
A10: Car, van, travel expenses | B10: =SUMIFS( '2026-27 Digital Records'!E:E, '2026-27 Digital Records'!$D:$D,A10, '2026-27 Digital Records'!$A:$A,">="&DATE(2026,4,6), '2026-27 Digital Records'!$A:$A,"<="&DATE(2026,7,5) ) | C10: =SUMIFS( '2026-27 Digital Records'!E:E, '2026-27 Digital Records'!$D:$D,A10, '2026-27 Digital Records'!$A:$A,">="&DATE(2026,4,6), '2026-27 Digital Records'!$A:$A,"<="&DATE(2026,10,5) ) | D10: =SUMIFS( '2026-27 Digital Records'!E:E, '2026-27 Digital Records'!$D:$D,A10, '2026-27 Digital Records'!$A:$A,">="&DATE(2026,4,6), '2026-27 Digital Records'!$A:$A,"<="&DATE(2027,1,5) ) | E10: =SUMIFS( '2026-27 Digital Records'!E:E, '2026-27 Digital Records'!$D:$D,A10, '2026-27 Digital Records'!$A:$A,">="&DATE(2026,4,6), '2026-27 Digital Records'!$A:$A,"<="&DATE(2027,4,5) )
A11: Premises running costs | B11: =SUMIFS( '2026-27 Digital Records'!E:E, '2026-27 Digital Records'!$D:$D,A11, '2026-27 Digital Records'!$A:$A,">="&DATE(2026,4,6), '2026-27 Digital Records'!$A:$A,"<="&DATE(2026,7,5) ) | C11: =SUMIFS( '2026-27 Digital Records'!E:E, '2026-27 Digital Records'!$D:$D,A11, '2026-27 Digital Records'!$A:$A,">="&DATE(2026,4,6), '2026-27 Digital Records'!$A:$A,"<="&DATE(2026,10,5) ) | D11: =SUMIFS( '2026-27 Digital Records'!E:E, '2026-27 Digital Records'!$D:$D,A11, '2026-27 Digital Records'!$A:$A,">="&DATE(2026,4,6), '2026-27 Digital Records'!$A:$A,"<="&DATE(2027,1,5) ) | E11: =SUMIFS( '2026-27 Digital Records'!E:E, '2026-27 Digital Records'!$D:$D,A11, '2026-27 Digital Records'!$A:$A,">="&DATE(2026,4,6), '2026-27 Digital Records'!$A:$A,"<="&DATE(2027,4,5) )
A12: Repairs and maintenance costs | B12: =SUMIFS( '2026-27 Digital Records'!E:E, '2026-27 Digital Records'!$D:$D,A12, '2026-27 Digital Records'!$A:$A,">="&DATE(2026,4,6), '2026-27 Digital Records'!$A:$A,"<="&DATE(2026,7,5) ) | C12: =SUMIFS( '2026-27 Digital Records'!E:E, '2026-27 Digital Records'!$D:$D,A12, '2026-27 Digital Records'!$A:$A,">="&DATE(2026,4,6), '2026-27 Digital Records'!$A:$A,"<="&DATE(2026,10,5) ) | D12: =SUMIFS( '2026-27 Digital Records'!E:E, '2026-27 Digital Records'!$D:$D,A12, '2026-27 Digital Records'!$A:$A,">="&DATE(2026,4,6), '2026-27 Digital Records'!$A:$A,"<="&DATE(2027,1,5) ) | E12: =SUMIFS( '2026-27 Digital Records'!E:E, '2026-27 Digital Records'!$D:$D,A12, '2026-27 Digital Records'!$A:$A,">="&DATE(2026,4,6), '2026-27 Digital Records'!$A:$A,"<="&DATE(2027,4,5) )
A13: Office, stationery and admin costs | B13: =SUMIFS( '2026-27 Digital Records'!E:E, '2026-27 Digital Records'!$D:$D,A13, '2026-27 Digital Records'!$A:$A,">="&DATE(2026,4,6), '2026-27 Digital Records'!$A:$A,"<="&DATE(2026,7,5) ) | C13: =SUMIFS( '2026-27 Digital Records'!E:E, '2026-27 Digital Records'!$D:$D,A13, '2026-27 Digital Records'!$A:$A,">="&DATE(2026,4,6), '2026-27 Digital Records'!$A:$A,"<="&DATE(2026,10,5) ) | D13: =SUMIFS( '2026-27 Digital Records'!E:E, '2026-27 Digital Records'!$D:$D,A13, '2026-27 Digital Records'!$A:$A,">="&DATE(2026,4,6), '2026-27 Digital Records'!$A:$A,"<="&DATE(2027,1,5) ) | E13: =SUMIFS( '2026-27 Digital Records'!E:E, '2026-27 Digital Records'!$D:$D,A13, '2026-27 Digital Records'!$A:$A,">="&DATE(2026,4,6), '2026-27 Digital Records'!$A:$A,"<="&DATE(2027,4,5) )
A14: Advertising and marketing | B14: =SUMIFS( '2026-27 Digital Records'!E:E, '2026-27 Digital Records'!$D:$D,A14, '2026-27 Digital Records'!$A:$A,">="&DATE(2026,4,6), '2026-27 Digital Records'!$A:$A,"<="&DATE(2026,7,5) ) | C14: =SUMIFS( '2026-27 Digital Records'!E:E, '2026-27 Digital Records'!$D:$D,A14, '2026-27 Digital Records'!$A:$A,">="&DATE(2026,4,6), '2026-27 Digital Records'!$A:$A,"<="&DATE(2026,10,5) ) | D14: =SUMIFS( '2026-27 Digital Records'!E:E, '2026-27 Digital Records'!$D:$D,A14, '2026-27 Digital Records'!$A:$A,">="&DATE(2026,4,6), '2026-27 Digital Records'!$A:$A,"<="&DATE(2027,1,5) ) | E14: =SUMIFS( '2026-27 Digital Records'!E:E, '2026-27 Digital Records'!$D:$D,A14, '2026-27 Digital Records'!$A:$A,">="&DATE(2026,4,6), '2026-27 Digital Records'!$A:$A,"<="&DATE(2027,4,5) )
A15: Business entertainment | B15: =SUMIFS( '2026-27 Digital Records'!E:E, '2026-27 Digital Records'!$D:$D,A15, '2026-27 Digital Records'!$A:$A,">="&DATE(2026,4,6), '2026-27 Digital Records'!$A:$A,"<="&DATE(2026,7,5) ) | C15: =SUMIFS( '2026-27 Digital Records'!E:E, '2026-27 Digital Records'!$D:$D,A15, '2026-27 Digital Records'!$A:$A,">="&DATE(2026,4,6), '2026-27 Digital Records'!$A:$A,"<="&DATE(2026,10,5) ) | D15: =SUMIFS( '2026-27 Digital Records'!E:E, '2026-27 Digital Records'!$D:$D,A15, '2026-27 Digital Records'!$A:$A,">="&DATE(2026,4,6), '2026-27 Digital Records'!$A:$A,"<="&DATE(2027,1,5) ) | E15: =SUMIFS( '2026-27 Digital Records'!E:E, '2026-27 Digital Records'!$D:$D,A15, '2026-27 Digital Records'!$A:$A,">="&DATE(2026,4,6), '2026-27 Digital Records'!$A:$A,"<="&DATE(2027,4,5) )
A16: Interest on bank and other loans | B16: =SUMIFS( '2026-27 Digital Records'!E:E, '2026-27 Digital Records'!$D:$D,A16, '2026-27 Digital Records'!$A:$A,">="&DATE(2026,4,6), '2026-27 Digital Records'!$A:$A,"<="&DATE(2026,7,5) ) | C16: =SUMIFS( '2026-27 Digital Records'!E:E, '2026-27 Digital Records'!$D:$D,A16, '2026-27 Digital Records'!$A:$A,">="&DATE(2026,4,6), '2026-27 Digital Records'!$A:$A,"<="&DATE(2026,10,5) ) | D16: =SUMIFS( '2026-27 Digital Records'!E:E, '2026-27 Digital Records'!$D:$D,A16, '2026-27 Digital Records'!$A:$A,">="&DATE(2026,4,6), '2026-27 Digital Records'!$A:$A,"<="&DATE(2027,1,5) ) | E16: =SUMIFS( '2026-27 Digital Records'!E:E, '2026-27 Digital Records'!$D:$D,A16, '2026-27 Digital Records'!$A:$A,">="&DATE(2026,4,6), '2026-27 Digital Records'!$A:$A,"<="&DATE(2027,4,5) )
A17: Finance charges | B17: =SUMIFS( '2026-27 Digital Records'!E:E, '2026-27 Digital Records'!$D:$D,A17, '2026-27 Digital Records'!$A:$A,">="&DATE(2026,4,6), '2026-27 Digital Records'!$A:$A,"<="&DATE(2026,7,5) ) | C17: =SUMIFS( '2026-27 Digital Records'!E:E, '2026-27 Digital Records'!$D:$D,A17, '2026-27 Digital Records'!$A:$A,">="&DATE(2026,4,6), '2026-27 Digital Records'!$A:$A,"<="&DATE(2026,10,5) ) | D17: =SUMIFS( '2026-27 Digital Records'!E:E, '2026-27 Digital Records'!$D:$D,A17, '2026-27 Digital Records'!$A:$A,">="&DATE(2026,4,6), '2026-27 Digital Records'!$A:$A,"<="&DATE(2027,1,5) ) | E17: =SUMIFS( '2026-27 Digital Records'!E:E, '2026-27 Digital Records'!$D:$D,A17, '2026-27 Digital Records'!$A:$A,">="&DATE(2026,4,6), '2026-27 Digital Records'!$A:$A,"<="&DATE(2027,4,5) )
A18: Bad debts written off | B18: =SUMIFS( '2026-27 Digital Records'!E:E, '2026-27 Digital Records'!$D:$D,A18, '2026-27 Digital Records'!$A:$A,">="&DATE(2026,4,6), '2026-27 Digital Records'!$A:$A,"<="&DATE(2026,7,5) ) | C18: =SUMIFS( '2026-27 Digital Records'!E:E, '2026-27 Digital Records'!$D:$D,A18, '2026-27 Digital Records'!$A:$A,">="&DATE(2026,4,6), '2026-27 Digital Records'!$A:$A,"<="&DATE(2026,10,5) ) | D18: =SUMIFS( '2026-27 Digital Records'!E:E, '2026-27 Digital Records'!$D:$D,A18, '2026-27 Digital Records'!$A:$A,">="&DATE(2026,4,6), '2026-27 Digital Records'!$A:$A,"<="&DATE(2027,1,5) ) | E18: =SUMIFS( '2026-27 Digital Records'!E:E, '2026-27 Digital Records'!$D:$D,A18, '2026-27 Digital Records'!$A:$A,">="&DATE(2026,4,6), '2026-27 Digital Records'!$A:$A,"<="&DATE(2027,4,5) )
... A21: Other business expenses | B21: =SUMIFS( '2026-27 Digital Records'!E:E, '2026-27 Digital Records'!$D:$D,A21, '2026-27 Digital Records'!$A:$A,">="&DATE(2026,4,6), '2026-27 Digital Records'!$A:$A,"<="&DATE(2026,7,5) ) | C21: =SUMIFS( '2026-27 Digital Records'!E:E, '2026-27 Digital Records'!$D:$D,A21, '2026-27 Digital Records'!$A:$A,">="&DATE(2026,4,6), '2026-27 Digital Records'!$A:$A,"<="&DATE(2026,10,5) ) | D21: =SUMIFS( '2026-27 Digital Records'!E:E, '2026-27 Digital Records'!$D:$D,A21, '2026-27 Digital Records'!$A:$A,">="&DATE(2026,4,6), '2026-27 Digital Records'!$A:$A,"<="&DATE(2027,1,5) ) | E21: =SUMIFS( '2026-27 Digital Records'!E:E, '2026-27 Digital Records'!$D:$D,A21, '2026-27 Digital Records'!$A:$A,">="&DATE(2026,4,6), '2026-27 Digital Records'!$A:$A,"<="&DATE(2027,4,5) )
A23: Total expenses | B23: =SUMIFS( '2026-27 Digital Records'!E:E, '2026-27 Digital Records'!$C:$C,"Expense", '2026-27 Digital Records'!$A:$A,">="&DATE(2026,4,6), '2026-27 Digital Records'!$A:$A,"<="&DATE(2026,7,5) ) | C23: =SUMIFS( '2026-27 Digital Records'!E:E, '2026-27 Digital Records'!$C:$C,"Expense", '2026-27 Digital Records'!$A:$A,">="&DATE(2026,4,6), '2026-27 Digital Records'!$A:$A,"<="&DATE(2026,10,5) ) | D23: =SUMIFS( '2026-27 Digital Records'!E:E, '2026-27 Digital Records'!$C:$C,"Expense", '2026-27 Digital Records'!$A:$A,">="&DATE(2026,4,6), '2026-27 Digital Records'!$A:$A,"<="&DATE(2027,1,5) ) | E23: =SUMIFS( '2026-27 Digital Records'!E:E, '2026-27 Digital Records'!$C:$C,"Expense", '2026-27 Digital Records'!$A:$A,">="&DATE(2026,4,6), '2026-27 Digital Records'!$A:$A,"<="&DATE(2027,4,5) )
A25: Profit | B25: =B3-B23 | C25: =C3-C23 | D25: =D3-D23 | E25: =E3-E23

Sheet 2026-27 Digital Records
A1: Date | B1: Description | C1: Type | D1: Category | E1: Amount (£)
A2: 46118 | B2: Mobile phone bill | C2: Expense | D2: Office, stationery and admin costs | E2: 28
A3: 46119 | B3: Facebook ads | C3: Expense | D3: Advertising and marketing | E3: 40
A4: 46121 | B4: Fuel – van | C4: Expense | D4: Car, van, travel expenses | E4: 65.4
A5: 46122 | B5: Lawn mowing – Smith (monthly visit) | C5: Income | D5: Turnover | E5: 45
A6: 46123 | B6: Compost & topsoil | C6: Expense | D6: Cost of goods | E6: 54.99
A7: 46154 | B7: Hedge trimming – Jones | C7: Income | D7: Turnover | E7: 80
A8: 46156 | B8: Replacement strimmer head | C8: Expense | D8: Repairs and maintenance costs | E8: 18.5
A9: 46157 | B9: Accounting software | C9: Expense | D9: Office, stationery and admin costs | E9: 12
A10: 46158 | B10: Van wash | C10: Expense | D10: Car, van, travel expenses | E10: 8
A11: 46191 | B11: Garden clearance – Patel | C11: Income | D11: Turnover | E11: 2000
A12: 46192 | B12: Casual labourer – day rate | C12: Expense | D12: Wages and staff costs | E12: 400
A13: 46193 | B13: Garden plants for client job | C13: Expense | D13: Cost of goods | E13: 125
... A53: 46482 | B53: Garden overhaul – full redesign | C53: Income | D53: Turnover | E53: 6500
